cohdb
Replays
Latest Replays
All Replays
Popular Replays
Top Player Replays
Match Explorer
How It Works
Community
CoH3 Stats
Reddit
Sign in to upload your games and track your stats! →
Sign in with Steam
Match 41943123
Unlisted
Match 41943123
Overview
Messages
Build Orders
End
Panzergrenadier Squad
Selects Italian Infantry
Panzergrenadier Squad
250 Light Carrier
Construct Light Support Kompanie
MG34 Team
Combat Half-tracks
2.5-tonne Medical Truck
Panzerjäger Squad
Selects Defensive Operations
Selects Prepared Positions
Fire Support Elements
Assault Grenadier Squad
Assault Grenadier Squad
Construct Mechanized Kompanie
K.E.K.S.S
Xx Ace xX
Анальный Демон
BARRAСUDA
mp5
Dawes
Olumiant
Yami
0
0
Comments
sign in to comment!
No comments posted yet!